 Dungeon Crawl Stone Soup version 0.22-a0-445-g8c8ef71062 (webtiles) character file.

121 Banto the Sneak (level 5, -1/31 HPs)
             Began as an Octopode Earth Elementalist on June 2, 2018.
             Slain by an orc
             ... wielding a +0 hand axe
              (4 damage)
             ... on level 2 of the Dungeon.
             The game lasted 00:02:25 (2101 turns).

Banto the Sneak (Octopode Earth Elementalist)       Turns: 2101, Time: 00:02:25

Health: -1/31      AC:  1    Str:  7    XL:     5   Next: 5%
Magic:  1/8        EV: 13    Int: 18    God:
Gold:   123        SH:  0    Dex: 13    Spells: 5/8 levels left

rFire    . . .     SeeInvis .   a - +0 short sword
rCold    . . .     Gourm    .   (no shield)
rNeg     . . .     Faith    .   (helmet restricted)
rPois    .         Spirit   .   (no amulet)
rElec    .         Reflect  .   (no ring)
rCorr    .         Harm     .   (no ring)
MR       .....                  (no ring)
Stlth    ++++......             (no ring)
HPRegen  0.10/turn              (no ring)
MPRegen  0.11/turn              (no ring)
                                (no ring)
                                (no ring)

@: slowed, very slow
A: almost no armour, stealthy swim, amphibious, 8 rings, constrict 8, camouflage
1, gelatinous body 1
a: no special abilities


You were on level 2 of the Dungeon.
You were very hungry.

You visited 1 branch of the dungeon, and saw 3 of its levels.

You collected 123 gold pieces.

Inventory:

Hand Weapons
 a - a +0 short sword (weapon)
Missiles
 b - 86 stones (quivered)
 d - a throwing net
Jewellery
 k - an uncursed ring of protection from magic {unknown}
Scrolls
 e - a scroll of blinking {unknown}
 g - 4 scrolls of remove curse
 h - a scroll of fog
 i - a scroll of teleportation
 j - 3 scrolls of immolation
 m - a scroll of identify {unknown}
Potions
 f - a potion of flight {unknown}
 l - a potion of lignification {unknown}
Comestibles
 c - 10 rations


   Skills:
 - Level 2.0 Dodging
 + Level 5.4 Stealth
 - Level 2.0 Spellcasting
 - Level 1.0 Transmutations
 + Level 4.4 Earth Magic


You had 5 spell levels left.
You knew the following spells:

 Your Spells              Type           Power        Failure   Level  Hunger
a - Sandblast             Erth           ###...       3%          1    #......
b - Passwall              Tmut/Erth      ##......     9%          2    ###....

Your spell library contained the following spells:

 Spells                   Type           Power        Failure   Level  Hunger
 Stone Arrow              Conj/Erth      #.....       22%         3    ###....
 Lee's Rapid Deconstruct  Erth           ###.......   63%         5    ######.
 Petrify                  Tmut/Erth      ##......     52%         4    #####..


Dungeon Overview and Level Annotations

Branches:
Dungeon (3/15)

Altars:

Annotations:
D:3 Sigmund


Innate Abilities, Weirdness & Mutations

You cannot wear most types of armour.
You are very stealthy in the water. (Stealth+)
You are amphibious.
You can wear up to eight rings at the same time.
You can use your tentacles to constrict eight enemies at once.
Your skin changes colour to match your surroundings (Stealth+).
Your rubbery body absorbs attacks. (AC +1, EV +1)


Message History

Aiming: Sandblast (safe; 3% risk of failure)
Press: ? - help, Shift-Dir - straight line, f/p - orc
Aim: an orc, wearing a scale mail (heavily wounded)
The blast of sand hits the orc.
You kill the orc!
b - 87 stones The orc misses you. x2
You now have 1/8 mp.
Unknown command.
Unknown command.
Casting: Sandblast (safe; 3% risk of failure)
Confirm with . or Enter, or press ? or * to list all spells.
Aiming: Sandblast (safe; 3% risk of failure)
Press: ? - help, Shift-Dir - straight line, f - orc
Aim: an orc, wielding a hand axe and wearing a leather armour The blast of sand hits the orc.
b - 86 stones You are feeling very hungry.
The orc hits you with a hand axe.
You die...

..#...........#.#....###.#
#..### ..#...###...###.##.#.#
#.# #..... #.).#.# #...#
#.##.#.# #.# #.#### #####.#
##.## #.##.#.###.# #....# #.#
#.# #.##..#.##.###.###.
#####.####.# ##.##.###......##
##
.....#.....###...##.#.##....#
#
#####.#######...†.##.###....##
## #.....#
#....[@......#.###.###.
#.###.### #.#..o......[#.#
##...# #.# #...#
#..............# ##.## #.#
###.# #.######.....### #.# #.#
#.# #.# #.....# #.# ..# #.#
#.# ####.########.#
#.#####.###.# #..........#
##..........# #.##########
#......###.# #.#


You could see an orc.

Vanquished Creatures
  Natasha (D:2)
  4 adders
  2 oozes (D:1)
  A dart slug (D:1)
  2 leopard geckos
  An orc (D:2)
  7 bats
  3 giant cockroaches
  4 goblins (D:1)
  7 hobgoblins
  3 jackals (D:1)
  A quokka (D:2)
  3 kobolds
  8 rats
47 creatures vanquished.

Notes
Turn   | Place    | Note
-------+----------+-------------------------------------------
     0 | D:1      | Banto the Octopode Earth Elementalist began the quest for the Orb.
     0 | D:1      | Reached XP level 1. HP: 11/11 MP: 3/3
    40 | D:1      | Reached skill level 3 in Stealth
   149 | D:1      | Reached XP level 2. HP: 11/17 MP: 5/5
   578 | D:1      | Reached XP level 3. HP: 19/21 MP: 6/6
   811 | D:1      | Reached skill level 4 in Stealth
  1203 | D:1      | Learned a level 2 spell: Passwall
  1422 | D:2      | Reached XP level 4. HP: 23/27 MP: 4/7
  1860 | D:3      | Reached skill level 5 in Stealth
  1877 | D:3      | Noticed Sigmund
  2092 | D:3      | Noticed Natasha
  2097 | D:2      | Killed Natasha
  2097 | D:2      | Reached XP level 5. HP: 8/31 MP: 4/8
  2101 | D:2      | Slain by an orc

Vault maps used:
D:1:      erik_arrival_cave_to_civilisation, dk_noncrumbling_3,
          minmay_tetromino_i2
D:3:      minmay_door_path, uniq_natasha, uniq_purgy, uniq_sigmund

Skill      XL: |  1  2  3  4 |
---------------+-------------+-----
Stealth        | 3 4 5 |  5.4
Earth Magic    | 4 |  4.4
Dodging        | |  2.0
Spellcasting   | |  2.0
Transmutations | |  1.0

Action                   |  1- 3 |  4- 6 || total
-------------------------+-------+-------++-------
Melee: Short sword       |    54 |    16 ||    70
       Constrict         |    14 |     4 ||    18
       Tentacles         |     4 |     1 ||     5
       Unarmed           |     1 |       ||     1
 Cast: Sandblast         |    15 |    11 ||    26
  Use: Scroll            |     6 |       ||     6
 Stab: Sleeping          |    13 |     6 ||    19
       Distracted        |     1 |       ||     1
  Eat: Chunk             |     1 |     2 ||     3
Armor: Skin              |     6 |     1 ||     7
Dodge: Dodged            |    49 |    18 ||    67

Table legend:
 A = Spawn XP
 B = Non-spawn XP
 C = Spawn XP percentage of total XP
 D = Spawn monster count
 E = Non-spawn monster count
 F = Spawn count percentage of total count
 G = Total turns spent on level
                    A         B        C        D         E        F      G
               +---------+---------+-------+---------+---------+-------+---------
         Total |       0 |     174 |   0.0 |       0 |      47 |   0.0 |  2101
               +---------+---------+-------+---------+---------+-------+---------
           D:1 |       0 |      60 |   0.0 |       0 |      27 |   0.0 |  1216
           D:2 |       0 |      96 |   0.0 |       0 |      16 |   0.0 |   847
           D:3 |       0 |      18 |   0.0 |       0 |       4 |   0.0 |    38
               +---------+---------+-------+---------+---------+-------+---------

Table legend:
 A = Turns spent in this place as a percentage of turns spent in the entire game.
 B = Non-inter-level travel turns spent in this place as a percentage of non-inter-level travel turns spent in the entire game.
 C = Inter-level travel turns spent in this place as a percentage of turns spent in this place.
 D = Turns resting spent in this place as a percentage of non-inter-level travel turns spent in this place.
 E = Turns spent auto-exploring this place as a percentage of non-inter-level travel turns spent in this place.
 F = Non-inter-level travel turns spent in this place divided by the number of levels of this place that you've seen.
                   A       B       C       D       E      F
               +-------+-------+-------+-------+-------+----------------------
         Total | 100.0 | 100.0 |   5.0 |  25.5 |  57.7 | 665.0
       Dungeon | 100.0 | 100.0 |   5.0 |  25.5 |  57.7 | 665.0
               +-------+-------+-------+-------+-------+----------------------

Table legend:
 A = Kills in this place as a percentage of kills in entire the game.
 B = Kills by you in this place as a percentage of kills by you in the entire game.
 C = Kills by friends in this place as a percentage of kills by friends in the entire game.
 D = Other kills in this place as a percentage of other kills in the entire game.
 E = Experience gained in this place as a percentage of experience gained in the entire game.
 F = Experience gained in this place divided by the number of levels of this place that you have seen.
                   A       B       C       D       E      F
               +-------+-------+-------+-------+-------+----------------------
         Total | 100.0 | 100.0 |   N/A |   N/A | 100.0 |  58.0
       Dungeon | 100.0 | 100.0 |   N/A |   N/A | 100.0 |  58.0
               +-------+-------+-------+-------+-------+----------------------
